 Dungeon Crawl Stone Soup version 0.31.0-32-g396128a36d (webtiles) character file.

Game seed: 2387633869264661680

3213 PaiMei the Artisan of Death (level 9, -2/70 HPs)
             Began as a Demonspawn Necromancer on Mar 30, 2024.
             Was a Priest of Kikubaaqudgha.
             Slain by a vampire
             ... wielding a +0 vampiric halberd
              (13 damage)
             ... in a bailey.
             The game lasted 00:16:01 (9402 turns).

PaiMei the Artisan of Death (DsNe)                  Turns: 9402, Time: 00:16:02

Health: -2/70      AC: 20    Str: 15    XL:     9   Next: 65%
Magic:  18/18      EV: 14    Int: 20    God:    Kikubaaqudgha [***...]
Gold:   413        SH:  0    Dex: 13    Spells: 6/21 levels left

rFire   + + .        J - +2 flail (protect)
rCold   + + .        M - +0 buckler
rNeg    . . .        O - +1 robe {rC+ rF+}
rPois   .            (no helmet)
rElec   .            k - scarf {rC+ rF+}
rCorr   .            H - +2 pair of gloves
SInv    .            t - +0 pair of boots
Will    .....        y - amulet of the acrobat
Stlth   +            w - +6 ring of strength
HPRegen 0.31/turn    I - +4 ring of protection
MPRegen 0.32/turn

%: acrobat
@: confused, under a protective aura
A: yellow scales 1, spiny 1, magic regeneration
a: Renounce Religion, Unearth Wretches


You were in a bailey.
You worshipped Kikubaaqudgha.
Kikubaaqudgha was most pleased with you.
You visited 2 branches of the dungeon, and saw 9 of its levels.
You also visited: Bailey.

You collected 413 gold pieces.

Inventory:

Hand Weapons
 c - a +2 dagger of speed
 o - a +2 short sword of venom
 u - a +1 short sword of freezing
 J - a +2 flail of protection (weapon)
Missiles
 d - 42 poisoned darts
 A - 6 curare-tipped darts (quivered)
 B - 2 datura-tipped darts
Armour
 k - a scarf of resistance (worn)
 m - an orb of energy
 t - a +0 pair of boots (worn)
 v - a +0 kite shield
 H - a +2 pair of gloves (worn)
 K - a +1 robe of positive energy
 M - a +0 buckler (worn)
 O - a +1 robe of resistance (worn)
 Q - the +2 leather armour "Derix" {Rampage rF++}
   (You found it in a bailey)

   rF++:      It greatly protects you from fire.
   Rampage:   It bestows one free step when moving towards enemies.
Jewellery
 w - a +6 ring of strength (left hand)
 y - an amulet of the acrobat (around neck)
 G - an amulet of faith
 I - a +4 ring of protection (right hand)
 L - a ring of magical power
Wands
 a - a wand of polymorph (10)
Scrolls
 g - 2 scrolls of enchant weapon {unknown}
 h - 5 scrolls of teleportation {unknown}
 i - a scroll of noise {unknown}
 j - a scroll of poison {unknown}
 q - 6 scrolls of identify {unknown}
 r - 3 scrolls of blinking {unknown}
 s - 2 scrolls of fear {unknown}
 x - 2 scrolls of enchant armour {unknown}
 D - a scroll of vulnerability {unknown}
 N - a scroll of silence {unknown}
 P - a scroll of fog {unknown}
Potions
 b - a potion of magic
 e - a potion of brilliance {unknown}
 f - 3 potions of heal wounds {unknown}
 l - a potion of cancellation {unknown}
 n - 3 potions of might {unknown}
 p - 2 potions of attraction {unknown}
 z - a potion of enlightenment {unknown}
 C - 8 potions of degeneration {unknown}
 E - 5 potions of curing {unknown}
 F - a potion of haste {unknown}
 R - a potion of invisibility {unknown}


   Skills:
 + Level 6.3 Fighting
 + Level 6.5 Dodging
 - Level 2.6 Stealth
 + Level 6.5 Spellcasting
 + Level 8.7 Necromancy


You had 6 spell levels left.
You knew the following spells:

 Your Spells              Type           Power      Damage    Failure   Level
a - Necrotise             Necr           100%       1d9       1%          1
b - Vampiric Draining     Necr           41%        2d8       1%          3
c - Animate Dead          Necr           41%        N/A       3%          4
d - Curse of Agony        Necr           41%        N/A       11%         5
e - Sublimation of Blood  Necr           41%        N/A       1%          2

Your spell library contained the following spells:

 Spells                   Type           Power      Damage    Failure   Level
 Fugue of the Fallen      Necr           41%        N/A       1%          3
 Kiss of Death            Conj/Necr      92%        2d12      2%          1
 Cigotuvi's Dreadful Rot  Necr/Alch/Air  36%        N/A       6%          2
 Freeze                   Ice            24%        1d4       14%         1
 Blink                    Tloc           12%        N/A       21%         2
 Lesser Beckoning         Tloc           12%        N/A       21%         2
 Momentum Strike          Conj/Tloc      12%        3d8       21%         2
 Anguish                  Hex/Necr       11%        N/A       22%         4
 Frozen Ramparts          Ice            12%        1d2       38%         3
 Hailstorm                Conj/Ice       6%         3d5       38%         3
 Death Channel            Necr           20%        N/A       50%         6
 Borgnjor's Vile Clutch   Necr/Erth      11%        N/A       54%         5


Dungeon Overview and Level Annotations

Branches:
Dungeon (8/15)             Temple (1/1) D:4          Bailey (1/1)
   Lair: D:8-11

Altars:
Ashenzari
Cheibriados
Dithmenos
Fedhas
Gozag
Hepliaklqana
Kikubaaqudgha
Makhleb
Nemelex Xobeh
Okawaru
Qazlal
Ru
Sif Muna
Trog
Uskayaw
Wu Jian
Xom
Yredelemnul

Annotations:
D:6 1 runed translucent door, Tripartite's ghost, weakling MfDe
D:7 2 runed translucent doors, Eolas's ghost, novice DjIE


Innate Abilities, Weirdness & Mutations

You are partially covered in yellow scales. (AC +2)
You are partially covered in sharp spines.
You regenerate magic rapidly.


Message History

The vampire bites you but does no damage.
You hit the vampire but do no damage.
The vampire is moderately damaged.
The vampire hits you with a +0 vampiric halberd.
The vampire draws strength from your wounds!
The vampire bites you but does no damage.
You hit the vampire but do no damage.
The vampire is lightly damaged.
The vampire misses you. The vampire bites you.
The vampire draws strength from your injuries!
The vampire barely misses you.
The vampire bites you but does no damage.
You hit the vampire but do no damage.
The vampire is lightly damaged.
The vampire hits you but does no damage.
The vampire bites you.
The vampire draws strength from your injuries!
You hit the vampire but do no damage.
The vampire is lightly damaged.
The vampire barely misses you. The vampire bites you!
The vampire draws strength from your injuries!
The vampire hits you with a +0 vampiric halberd!
The vampire bites you but does no damage.
You hit the vampire but do no damage.
The vampire hits you with a +0 vampiric halberd!
* * * LOW HITPOINT WARNING * * *
The vampire bites you.
* * * LOW HITPOINT WARNING * * *
The vampire draws strength from your injuries!
You hit the vampire but do no damage. The vampire closely misses you.
The vampire bites you.
* * * LOW HITPOINT WARNING * * *
The vampire draws strength from your injuries!
The vampire casts a spell at you.
You are confused.
You hit the vampire.
The vampire is lightly damaged.
The vampire hits you with a +0 vampiric halberd!
You die...
Kikubaaqudgha rasps: "You have failed me!
Welcome... death!"

≈≈♣ #≈≈♣ ##.≈≈######### ##
####..≈≈#.......# #####.
##..#..≈≈#.......#+##.....
#......≈≈#................
#.∩...#########...........
#...................♣..♣..
#........@V.......♣...♣...
#.∩...#########...........
#......≈≈.####...♣.♣...♣..
##..#..≈≈.#..'...........#
####..≈≈.#..#..♣♣....♣...
##.≈≈.#..#...♣♣.......
#≈≈.#..#....♣.......
♣≈≈.#..#..♣...######
♣≈≈.#..#......#....#


You could see a vampire.

Vanquished Creatures
  A hornet (D:8)
  An orc warrior (D:8)
  2 sky beasts
  An ogre (D:6)
  A phantom (D:7)
  2 kobold brigands (D:7)
  A gnoll sergeant (D:7)
  3 scorpions
  5 wights (D:7)
  8 vampire bats (Bailey)
  8 wolf zombies (Bailey)
  7 hounds
  2 orc priests
  A bombardier beetle (D:6)
  6 jellies
  2 sleepcaps (D:6)
  Jessica (D:3)
  6 iguanas
  A gnoll bouda (D:5)
  4 orc wizards
  17 gnolls
  9 adders
  A shadow imp (D:8)
  A white imp (D:6)
  4 ufetubi
  4 dart slugs
  24 orcs
  2 ball pythons
  3 endoplasms
  5 giant cockroaches
  6 goblins
  10 hobgoblins
  4 jackals (D:2)
  20 kobolds
  2 quokkas
  4 bats
  4 frilled lizards
  18 orc zombies (Bailey)
  7 rats
208 creatures vanquished.

Vanquished Creatures (collateral kills)
  An adder (D:5)
  An endoplasm (D:1)
2 creatures vanquished.

Grand Total: 210 creatures vanquished

Notes
Turn   | Place    | Note
-------+----------+-------------------------------------------
     0 | D:1      | PaiMei the Demonspawn Necromancer began the quest for the
                  | Orb.
     0 | D:1      | Reached XP level 1. HP: 13/13 MP: 3/3
   370 | D:1      | Gained mutation: You regenerate magic rapidly. [demonic
                  | ancestry]
   370 | D:1      | Reached XP level 2. HP: 16/19 MP: 3/5
  1305 | D:2      | Gained mutation: You are partially covered in yellow
                  | scales. (AC +2) [demonic ancestry]
  1305 | D:2      | Reached XP level 3. HP: 24/24 MP: 1/6
  2117 | D:2      | Reached XP level 4. HP: 30/30 MP: 3/8
  2324 | D:3      | Learned a level 3 spell: Vampiric Draining
  2355 | D:3      | Noticed Jessica
  2360 | D:3      | Killed Jessica
  2361 | D:3      | Reached skill level 5 in Necromancy
  2694 | D:3      | Gained mutation: You are partially covered in sharp spines.
                  | [demonic ancestry]
  2694 | D:3      | Reached XP level 5. HP: 36/36 MP: 6/9
  2843 | D:3      | Reached skill level 1 in Fighting
  3117 | D:3      | Found a hide-covered altar of Uskayaw.
  3117 | D:3      | Noticed a +0 hand axe
  3117 | D:3      | Noticed a +0 hand axe
  3284 | D:4      | Found a bloodstained altar of Trog.
  3384 | D:4      | Found a staircase to the Ecumenical Temple.
  3391 | Temple   | Entered the Ecumenical Temple
  3405 | Temple   | Became a worshipper of Kikubaaqudgha
  3510 | D:4      | Found a shimmering altar of Xom.
  3595 | D:4      | Found an ornate altar of the Wu Jian Council.
  4022 | D:5      | Entered Level 5 of the Dungeon
  4038 | D:4      | Reached XP level 6. HP: 38/44 MP: 2/11
  4350 | D:5      | Found a stormy altar of Qazlal.
  4570 | D:5      | Reached skill level 6 in Necromancy
  4570 | D:5      | Reached XP level 7. HP: 51/51 MP: 7/12
  4831 | D:5      | Reached * piety under Kikubaaqudgha
  4831 | D:5      | Received a gift from Kikubaaqudgha
  5458 | D:6      | Found a runed translucent door.
  5458 | D:6      | Noticed Tripartite's ghost (weakling MfDe)
  5507 | D:6      | Found a blossoming altar of Fedhas.
  5555 | D:6      | Found a shadowy altar of Dithmenos.
  5567 | D:6      | Reached XP level 8. HP: 60/60 MP: 10/14
  5905 | D:6      | Reached skill level 7 in Necromancy
  6044 | D:6      | Reached skill level 5 in Spellcasting
  6070 | D:6      | Reached skill level 5 in Dodging
  6619 | D:7      | Reached ** piety under Kikubaaqudgha
  6796 | D:7      | Found a large runed translucent door.
  6797 | D:7      | Found a large runed translucent door.
  6799 | D:7      | Noticed Eolas's ghost (novice DjIE)
  6831 | D:7      | Reached skill level 5 in Fighting
  6956 | D:7      | Learned a level 4 spell: Animate Dead
  6962 | D:7      | Learned a level 5 spell: Curse of Agony
  7476 | D:7      | Reached XP level 9. HP: 58/66 MP: 17/17
  8481 | D:8      | Reached skill level 8 in Necromancy
  8822 | D:8      | Found a flagged portal.
  8832 | Bailey   | Entered a bailey
  8941 | Bailey   | Learned a level 2 spell: Sublimation of Blood
  9086 | Bailey   | Noticed a gargoyle
  9153 | Bailey   | Reached *** piety under Kikubaaqudgha
  9153 | Bailey   | Received a gift from Kikubaaqudgha
  9317 | Bailey   | Identified the +2 leather armour "Derix" {Rampage rF++}
  9402 | Bailey   | Slain by a vampire

Illustrated notes

Levels and vault maps discovered:
D:1:      minmay_arrival_nine_rooms, layout_loops_corners,
          hangedman_abyss_or_decor_stabs
D:2:      layout_loops_corners, kennysheep_generic_room_8
D:3:      layout_basic, dancing_weapons_uskayaw, grunt_ministairs_10,
          uniq_jessica
D:4:      layout_loops_ring, mainiacjoe_overflow_concentric_impassable,
          mainiacjoe_overflow_paths, mainiacjoe_overflow_six_doors_small,
          minmay_temple_entry_offerings
D:5:      minmay_recursive_quarters, layout_loops_ring, grunt_qazlal_clouds
D:6:      layout_loops_ring, nicolae_overflow_crystal_walls,
          fedhas_altar_decomposition, grunt_dithmenos_smoke_and_mirrors,
          gammafunk_ghost_grave
D:7:      layout_layer_cave, ebering_ghost_disaster_area,
          chequers_serial_rivers_room_b, minmay_misc_feat_secret_circle
D:8:      layout_basic, enter_bailey_3
Temple:   nicolae_temple_bog_church
Bailey:   bailey_polearm_vampire_castle_hellmonk, bailey

Skill      XL: |  1  2  3  4  5  6  7  8  9 |
---------------+----------------------------+-----
Dodging        | 2 3 4 5 6 |  6.5
Stealth        | 2 |  2.6
Necromancy     | 5 6 7 8 |  8.7
Spellcasting   | 3 4 5 6 |  6.5
Fighting       | 2 3 5 6 |  6.3

Action                     |  1- 3 |  4- 6 |  7- 9 || total
---------------------------+-------+-------+-------++-------
  Melee: Club              |     3 |       |       ||     3
         Short sword       |     7 |    54 |   109 ||   170
         Punch             |       |     1 |       ||     1
         Flail             |       |       |   108 ||   108
   Cast: Necrotise         |    69 |   100 |    71 ||   240
         Vampiric Draining |       |     6 |    52 ||    58
   Stab: Sleeping          |       |       |     2 ||     2
 Armour: Robe              |    14 |    55 |   223 ||   292
  Dodge: Dodged            |    15 |    59 |   230 ||   304
  Block: Buckler           |       |       |    46 ||    46
